Map: Dusk Towers

Players

Wardí

  • Race: Terran Terran
  • League: Master

A.I. 1 (Very Easy) - Winner!

  • Race: Terran Terran

VOD

Have the link to the VOD?

Description

Time

  • Played on: March 5, 2016, 7:37 a.m.
  • Length: 4:50
Show
View Real Time Build Order
Export as new Build Order

Wardí Terran 

Build Orders:  

Get SALT Encoding   

  12  0:01  SCV  
  13  0:13  SCV  
  14  0:17  Supply Depot  
  14  0:25  SCV  
  15  0:39  SCV  
  15  0:40  Barracks  
  16  0:48  Refinery  
  16  0:51  SCV  
  17  1:03  SCV  
  18  1:15  SCV  
  19  1:28  Orbital Command  
  19  1:31  Supply Depot  
  19  1:32  Barracks Reactor  
  19  1:53  Command Center  
  19  1:55  SCV  
  20  2:08  Marine, SCV  
  22  2:09  Marine  
  22  2:12  Barracks  
  23  2:21  Barracks  
  23  2:26  Marine x2  
  23  2:29  SCV  
  26  2:41  Factory  
  26  2:44  Marine x2  
  26  2:47  SCV  
  29  2:54  Supply Depot  
  29  3:00  SCV  
  29  3:01  Barracks Tech Lab  
  29  3:02  Marine  
  29  3:04  Marine  
  32  3:11  Barracks Reactor  
  32  3:17  Orbital Command, Refinery  
  32  3:26  SCV  
  33  3:28  Marine  
  33  3:31  Marine  
  33  3:33  Marine  
  36  3:46  Starport  
  36  3:54  Marine x5  
  36  3:55  Factory Reactor  
  41  3:59  SCV  
  41  4:00  SCV  
  43  4:09  Supply Depot  
  43  4:11  Marine x2  
  43  4:12  Marine  
  43  4:13  SCV  
  43  4:15  SCV  
  48  4:28  Marine x2  
  48  4:29  SCV x2  
  52  4:32  Supply Depot  
  52  4:34  Supply Depot  
  58  4:46  Factory Tech Lab  
Show
View Real Time Build Order
Export as new Build Order

A.I. 1 (Very Easy) Terran - Winner!

Build Orders:  

Get SALT Encoding   

  12  0:00  SCV  
  13  0:13  SCV  
  14  0:19  Supply Depot  
  14  0:37  Refinery  
  14  0:43  Barracks  
  14  1:02  Supply Depot  
  14  1:11  Refinery  
  14  1:29  SCV  
  14  1:31  Marine  
  16  1:41  SCV  
  17  1:53  SCV  
  18  2:03  Marine  
  18  2:05  SCV  
  20  2:17  SCV  
  21  2:29  SCV  
  22  2:36  Marine  
  23  2:42  Orbital Command  
Tags
 
League
Master
Matchup
TvT
Race
Terran
Add a new tag
Caveats
  • Supply blocks, unpowered buildings, or Contaminate may cause inaccurate times.
  • Supply counts are checked every 10 seconds.